 Dungeon Crawl Stone Soup version 0.31-a0-875-g02e7d12df6 (webtiles) character file.

Game seed: 5957817488776524584

648755 MackTheKnife the Hoplite (level 27, -16/230 HPs)
             Began as a White Draconian Fighter on Oct 12, 2023.
             Was an Elder of Okawaru.
             Killed from afar by Siqeasm the pandemonium lord (72 damage)
             ... with a great blast of fire
             ... on level 2 of the Dungeon on Oct 13, 2023.
             The game lasted 01:48:01 (61760 turns).

MackTheKnife the Hoplite (White Draconian Fighter) Turns: 61760, Time: 01:48:01

Health: -16/230    AC: 26    Str: 28      XL:     27
Magic:  41/41      EV: 39    Int:  6 (8)  God:    Okawaru [****..]
Gold:   6167       SH: 41    Dex: 30      Spells: 30/38 levels left

rFire   . . .        L - +10 broad axe "Gyss" {heavy, rCorr Dex+2 SInv, axe}
rCold   + . .        i - +7 tower shield
rNeg    . . .        (body armour unavailable)
rPois   +            w - +2 hat
rElec   .            G - +4 dragonskin cloak
rCorr   +            D - +0 pair of gloves of Ignis's Hope {+Blink rPois Will+}
SInv    +            a - +2 pair of boots {rampage}
Will    ++++.        J - amulet of reflection
Stlth   ++           X - ring of the Octopus King {HP+2 MP+9 AC+2 EV+2 SH+2}
HPRegen 0.58/turn    R - ring "Rilytius" {Will+ Str+2 Dex+6}
MPRegen 0.27/turn

%: reflection, rampage
@: maw-form, studying 2 skills
A: devouring maw, breathe frost, AC +13, unfitting armour, cold resistance 1,
cold-blooded, hooves 1, agile 1, deterioration 1, frail 1, strong 1,
teleportitis 1, evolution 2, subdued magic 1
0: Orb of Zot
}: 4/15 runes: barnacled, slimy, silver, gossamer
a: Breathe Frost, Begin Untransformation, Renounce Religion, Evoke Blink,
Heroism, Finesse


You were on level 2 of the Dungeon.
You worshipped Okawaru.
Okawaru was greatly pleased with you.
You were a creature with a mouth for a stomach.
You visited 11 branches of the dungeon, and saw 53 of its levels.
You visited the Abyss 2 times.
You also visited: Volcano.

You collected 8314 gold pieces.
You spent 2147 gold pieces at shops.


Innate Abilities, Weirdness & Mutations

You are a creature with a mouth for a stomach.
Your midsection houses a second, enormous mouth.
You can breathe waves of freezing cold which knock back foes.
Your icy white scales are hard. (AC +13)
You cannot fit into any form of body armour.
Your flesh is cold resistant. (rC+)
You are cold-blooded and may be slowed by cold attacks.
You have large cloven feet.
You are agile. (Dex +4, Str/Int -1)
Your body sometimes deteriorates upon taking damage.
You are frail. (-10% HP)
Your muscles are strong. (Str +4, Int/Dex -1)
You are occasionally teleported next to monsters.
You have great hidden genetic potential.
Your spells are a little easier to cast, but a little less powerful.


   Skills:
 - Level 22.0 Fighting
 + Level 19.0 Axes
 - Level 15.0 Throwing
 - Level 22.0 Dodging
 - Level 10.0 Stealth
 - Level 22.8 Shields
 - Level 6.0 Spellcasting
 - Level 12.0 Translocations
 - Level 7.0 Transmutations
 - Level 12.0 Invocations
 - Level 5.0 Evocations
 - Level 10.0 Shapeshifting


You had 30 spell levels left.
You knew the following spells:

 Your Spells              Type           Power      Damage    Failure   Level
a - Wereblood             Tmut           7%         N/A       2%          2
b - Manifold Assault      Tloc           12%        N/A       1%          4
c - Blink                 Tloc           24%        N/A       1%          2

Your spell library contained the following spells:

 Spells                   Type           Power      Damage    Failure   Level
 Lesser Beckoning         Tloc           24%        N/A       1%          2
 Gell's Gravitas          Tloc           12%        N/A       1%          3
 Teleport Other           Tloc           12%        N/A       1%          3
 Momentum Strike          Conj/Tloc      12%        3d8       3%          2
 Sting                    Tmut/Pois      16%        1d3       7%          1
 Volatile Blastmotes      Fire/Tloc      12%        2d11      7%          3
 Passwall                 Tmut/Erth      3%         N/A       10%         2
 Dimensional Bullseye     Hex/Tloc       3%         N/A       24%         4
 Vhi's Electric Charge    Tloc/Air       12%        N/A       24%         4
 Freeze                   Ice            4%         1d3       30%         1
 Kiss of Death            Conj/Necr      4%         2d5       30%         1
 Magic Dart               Conj           4%         1d3       30%         1
 Necrotise                Necr           4%         1d4       30%         1
 Dispersal                Tloc           6%         N/A       32%         6
 Ignite Poison            Fire/Tmut/Pois 3%         N/A       34%         3
 Cigotuvi's Dreadful Rot  Necr/Pois/Air  2%         N/A       41%         2
 Ensorcelled Hibernation  Hex/Ice        2%         N/A       41%         2
 Jinxbite                 Hex            2%         N/A       41%         2
 Poisonous Vapours        Pois/Air       2%         N/A       41%         2
 Sublimation of Blood     Necr           1%         N/A       41%         2
 Confusing Touch          Hex            1%         N/A       67%         3
 Frozen Ramparts          Ice            2%         1d1       67%         3
 Hailstorm                Conj/Ice       1%         3d3       67%         3
 Inner Flame              Hex/Fire       1%         N/A       67%         3
 Mephitic Cloud           Conj/Pois/Air  1%         N/A       67%         3
 Stone Arrow              Conj/Erth      2%         3d7       67%         3
 Vampiric Draining        Necr           1%         2d6       67%         3
 Anguish                  Hex/Necr       0%         N/A       97%         4
 Cause Fear               Hex            0%         N/A       97%         4
 Dispel Undead            Necr           1%         3d6       97%         4
 Flame Wave               Conj/Fire      1%         2d4       97%         4
 Olgreb's Toxic Radiance  Pois           1%         N/A       97%         4
 Sticky Flame             Conj/Fire      1%         2d3       97%         4
 Arcjolt                  Conj/Air       0%         1d10      100%        5
 Borgnjor's Vile Clutch   Necr/Erth      0%         N/A       100%        5
 Fireball                 Conj/Fire      0%         3d3       100%        5
 Freezing Cloud           Conj/Ice/Air   0%         6-21      100%        5
 Iskenderun's Battlesphe  Conj           1%         2d6       100%        5
 Bombard                  Conj/Erth      0%         9d1       100%        6
 Plasma Beam              Fire/Air       0%         2x1d10    100%        6
 Starburst                Conj/Fire      0%         6d3       100%        6
 Enfeeble                 Hex            0%         N/A       100%        7
 Ozocubu's Refrigeration  Ice            0%         4d7       100%        7
 Borgnjor's Revivificati  Necr           0%         N/A       100%        8
 Disjunction              Tloc           6%         N/A       100%        8
 Ignition                 Fire           0%         3d3       100%        8
 Lehudib's Crystal Spear  Conj/Erth      0%         10d2      100%        8
 Polar Vortex             Ice            0%         N/A       100%        9
 Call Imp                 Summ           Unusable   N/A       N/A         2
 Summon Forest            Summ/Tloc      Unusable   N/A       N/A         5
 Animate Armour           Summ/Erth      Unusable   N/A       N/A         4
 Animate Dead             Necr           Unusable   N/A       N/A         4
 Summon Mana Viper        Hex/Summ       Unusable   N/A       N/A         5
 Death Channel            Necr           Unusable   N/A       N/A         6
 Simulacrum               Ice/Necr       Unusable   N/A       N/A         6
 Summon Cactus Giant      Summ           Unusable   N/A       N/A         6
 Haunt                    Necr/Summ      Unusable   N/A       N/A         7
 Spellforged Servitor     Conj/Summ      Unusable   N/A       N/A         7
 Summon Hydra             Summ           Unusable   N/A       N/A         7
 Summon Horrible Things   Summ           Unusable   N/A       N/A         8
 Dragon's Call            Summ           Unusable   N/A       N/A         9

Inventory:

Hand Weapons
 L - the +10 broad axe "Gyss" (weapon) {heavy, rCorr Dex+2 SInv, axe}
   (Okawaru gifted it to you on level 1 of the Lair of Beasts)

   Dex+2:     It affects your dexterity (+2).
   SInv:      It lets you see invisible.
   rCorr:     It protects you from acid and corrosion.
Missiles
 E - 43 silver javelins {throwing}
Armour
 a - a +2 pair of boots of rampaging (worn)
   (Okawaru gifted it to you on level 1 of the Lair of Beasts)
 f - a +1 pair of boots of flying
   (You found it on level 3 of the Elven Halls)
 g - an orb of mayhem
   (You found it on level 4 of the Realm of Zot)
 i - a +7 tower shield (worn)
   (You found it on level 5 of the Pits of Slime)
 w - a +2 hat (worn)
   (You found it on level 3 of the Dungeon)
 D - the +0 pair of gloves of Ignis's Hope (worn) {+Blink rPois Will+}
   (You found it on level 3 of the Elven Halls)

   rPois:     It protects you from poison Will+: It increases your willpower.
   +Blink:    It lets you blink.
 G - the +4 dragonskin cloak (worn)
   (You took it off Tiamat on level 1 of the Realm of Zot)

   Avatar's Aegis: It grants the wearer a chance to resist fire, cold, poison,
   electricity, acid, and negative energy.
Jewellery
 h - a ring of ice
   (You took it off a hobgoblin on level 1 of the Dungeon)
 u - a +5 ring of evasion
   (You found it on level 1 of the Elven Halls)
 v - a ring of fire
   (You found it on level 5 of the Pits of Slime)
 J - an amulet of reflection (around neck)
   (You found it on level 1 of the Lair of Beasts)
 P - a ring of flight
   (You found it on level 1 of the Spider Nest)
 R - the ring "Rilytius" (right hand) {Will+ Str+2 Dex+6}
   (You found it on level 5 of the Pits of Slime)

   [ring of dexterity]

   Str+2:     It affects your strength (+2).
   Dex+6:     It affects your dexterity (+6).
   Will+:     It increases your willpower.
 X - a ring of the Octopus King (left hand) {HP+2 MP+9 AC+2 EV+2 SH+2}
   (You bought it in a shop on level 4 of the Shoals)

   [ring of magical power]

   AC+2:      It affects your AC (+2).
   EV+2:      It affects your evasion (+2).
   HP+2:      It affects your health (+2).
   MP+9:      It affects your magic capacity (+9).
   SH+2:      It affects your SH (+2).
Talismans
 F - a maw talisman (active)
   (You found it on level 6 of the Dungeon)
Wands
 q - a wand of digging (25)
   (You found it on level 2 of the Lair of Beasts)
 z - a wand of roots (68)
   (You found it on level 5 of the Dungeon)
 B - a wand of acid (25)
   (You found it on level 1 of the Vaults)
 O - a wand of flame (68)
   (You found it on level 15 of the Dungeon)
 U - a wand of mindburst (31)
   (You found it on level 1 of the Shoals)
Scrolls
 d - 21 scrolls of teleportation {@r4}
 e - 6 scrolls of immolation {!r!r}
 k - 8 scrolls of vulnerability {!r!r}
 n - 7 scrolls of revelation
 o - 15 scrolls of fog
 y - 10 scrolls of silence {!r}
 A - 3 scrolls of poison {!r}
 C - 12 scrolls of fear
Potions
 c - 10 potions of ambrosia
 j - 3 potions of haste {@q3}
 l - 8 potions of berserk rage {!q}
 m - 19 potions of curing {@q1}
 p - 11 potions of heal wounds {@q2}
 r - 2 potions of magic
 t - 3 potions of resistance
 x - 8 potions of enlightenment
 H - 11 potions of attraction {!q}
 I - 4 potions of invisibility
 N - 3 potions of cancellation
 Q - 3 potions of might
Miscellaneous
 b - a tin of tremorstones (2/2) {throwing}
   (You found it on level 5 of the Vaults)
 M - a phial of floods
   (You found it on level 11 of the Dungeon)

Dungeon Overview and Level Annotations

Branches:
Dungeon (15/15)            Temple (1/1) D:5            Lair (5/5) D:8
 Shoals (4/4) Lair:3       Spider (4/4) Lair:2        Slime (5/5) Lair:5
    Orc (2/2) D:10            Elf (3/3) Orc:2        Vaults (5/5) D:14
  Crypt (0/3) Vaults:3     Depths (4/4) D:15            Zot (5/5) Depths:4
Volcano (visited)

Altars:
Ashenzari
Cheibriados
Dithmenos
Elyvilon
Fedhas
Gozag
Hepliaklqana
Kikubaaqudgha
Makhleb
Nemelex Xobeh
Okawaru
Qazlal
Ru
Sif Muna
Trog
Uskayaw
Vehumet
Wu Jian
Xom
Yredelemnul
Zin
The Shining One
Jiyva
Lugonu

Shops:
D:2 :   D:8 [   Orc:1 :   Orc:2 (![(*   Shoals:1 ?   Shoals:4 =   Vaults:2 [
Vaults:3 =   Vaults:5 :

Portals:
Hell: Depths:1 Depths:2 Depths:3 Depths:4
Abyss: D:9 Depths:1 Depths:2 Depths:3
Pandemonium: Depths:1 Depths:2
Ziggurat: Depths:3
Trove: Elf:2 (give +6 ice dragon scales)

Annotations:
D:6 2 runed translucent doors
D:9 2 transporters, Amaemon; KineticRobot's ghost, novice MfSh
Shoals:1 Roxanne
Spider:4 exclusion: 3 doors
Elf:2 3 runed translucent doors
Zot:5 exclusion: door

#..).........##... #####
#......&2....##### #...#
#............# ########.#.#
#.....6......# ...##....#.#
#.........######## ...##.####.#
#○v°....2.# #..... ...>..# #.#
#○○v......# #.####
.....(####'#####.vv......###.#...
..........>...°vWv°......#.......
..............°v°###########..###
####..........vv°# #...# #.....
#......[...v..### #..(###.##..
#(..............###...##......
####'######......##...##.~~~~~
#.# #......##...##.~~≈≈≈
#.######...........##.≈≈≈≈~
#......'...........##.~~~~~


You could see Siqeasm (silencing, unsilenced), a cacodemon (unsilenced), a
demonspawn corrupter, a shadow demon (unsilenced) and 10 fire vortices.


Message History

Your mp is fully restored (41).
Unknown command. 😕 HP[+1]
You rampage towards the red devil!
You block the red devil's attack.
You slash the red devil! You bite the red devil!! 😕 HP[+1]
You slash the red devil!
You kill the red devil!
Okawaru accepts your kill.
Your enlightenment fades.
No target in view!
What level of the Dungeon? (default 1, ? - help)
Your hands slow down.
A hell beast comes into view. 😎 HP[+5]
Your hp is fully restored (230).
You barely miss the hell beast.
Your tail-slap misses the hell beast.
Your bite misses the hell beast. You block the hell beast's attack. x2
You closely miss the hell beast.
Your tail-slap misses the hell beast.
You bite the hell beast! You block the hell beast's attack. x3
The hell beast completely misses you.
You open the hell beast like a pillowcase!!!
You tail-slap the hell beast, but do no damage.
You block the hell beast's attack. x2
You slash the hell beast! You tail-slap the hell beast!
Your bite misses the hell beast. You block the hell beast's attack. x4
You slice the hell beast!!
You kill the hell beast!
Okawaru accepts your kill.
There is a stone staircase leading up here.
You climb upwards.
There is a stone staircase leading down, spattered with blood here.
There is a stone staircase leading up here.
You climb upwards.
There is a stone staircase leading down here.
There is a stone staircase leading up here.
You climb upwards.
There is a stone staircase leading down here.
There is an open door here.
There is a stone staircase leading up here.
You climb upwards.
A hellion comes into view.
There is a stone staircase leading down here.
Casting: Manifold Assault (mildly dangerous; 1% risk of failure)
Confirm with . or Enter, or press ? or * to list all spells.
You blink. 😎 MP[-2]
You lost 2 mp, and now have 39/41 mp.
Unknown command.
You rampage towards the hellion!
You block the hellion's attack.
You slice the hellion!! The hellion gestures at you.
The sphere of damnation explodes!
The damnation engulfs you!!
The damnation engulfs the hellion.
The hellion completely resists.
A red devil comes into view.
It is wielding a +0 trident. 😕 HP[-22] MP[+1]
You take 22 damage, and now have 208/230 hp.
You carve the hellion like a ham!!!
You kill the hellion!
Okawaru accepts your kill.
You block the red devil's attack. 😕 HP[+1]
You rampage towards the red devil!
You chop the red devil into pieces!!!
You kill the red devil!
Okawaru accepts your kill.
You feel ready to blink again.
Your Axes skill increases to level 19!
No target in view!
No target in view!
What level of the Dungeon? (default 1, ? - help) Siqeasm comes into view.
A cacodemon comes into view. 😕 HP[+3] MP[+1]
You regained 3 hp, and now have 212/230 hp.
Your mp is fully restored (41).
Siqeasm gestures at you.
A raging storm of fire appears!
The great blast of fire engulfs you!!!!
Your body deteriorates!
You feel dopey. 6 fire vortices come into view. 😮 HP[-87]
You take 87 damage, and now have 125/230 hp.
MASSIVE DAMAGE!! (PAUSE)
You rampage towards the fire vortex!
You chop the fire vortex into pieces!!! You slice the fire vortex!!
You are engulfed in blazing flames.
You resist. Siqeasm gestures at you.
A raging storm of fire appears!
The great blast of fire engulfs you!!!
* * * LOW HITPOINT WARNING * * *
Siqeasm gestures.
Siqeasm's surroundings become eerily quiet. 5 fire vortices, a demonspawn corrupter and a shadow demon come into view. 😱 HP[-69]
You take 69 damage, and now have 56/230 hp.
MASSIVE DAMAGE!! (PAUSE) Unknown command.
You are engulfed in blazing flames.
You resist. You block the fire vortex's attack. Siqeasm gestures at you.
A raging storm of fire appears!
The great blast of fire engulfs you!!!! You partially resist.
You die...

Skill      XL: |  1  2  3  4  5  6  7  8  9 10 11 12 13 14 15 16 17 18 19 20 21 22 23 24 25 26 27 |
---------------+----------------------------------------------------------------------------------+-----
Axes           | 3 4 5 6 7 9 11 12 13 14 16 18 19 | 19.0
Fighting       | 6 9 12 16 20 21 22 | 22.0
Shields        | 5 6 12 15 16 18 20 22 | 22.8
Shapeshifting  | 6 10 | 10.0
Invocations    | 7 8 10 12 | 12.0
Evocations     | 5 |  5.0
Dodging        | 8 10 11 13 15 16 18 20 21 22 | 22.0
Stealth        | 8 10 | 10.0
Transmutations | 5 7 |  7.0
Spellcasting   | 4 6 |  6.0
Throwing       | 12 15 | 15.0
Translocations | 6 12 | 12.0

Action                     |  1- 3 |  4- 6 |  7- 9 | 10-12 | 13-15 | 16-18 | 19-21 | 22-24 | 25-27 || total
---------------------------+-------+-------+-------+-------+-------+-------+-------+-------+-------++-------
  Melee: War axe           |    90 |   116 |   336 |   440 |       |       |       |       |       ||   982
         Tailslap          |     7 |    11 |    54 |    84 |   122 |   187 |   160 |   198 |   215 ||  1038
         Broad axe         |       |       |       |   111 |   768 |  1002 |   798 |  1024 |  1143 ||  4846
         Maw               |       |       |       |    15 |   234 |   388 |   263 |   339 |   306 ||  1545
  Throw: Javelin           |       |       |       |       |       |       |       |     9 |    14 ||    23
   Cast: Wereblood         |       |       |       |       |       |       |     7 |    13 |     9 ||    29
         Manifold Assault  |       |       |       |       |       |       |       |    98 |   168 ||   266
         Blink             |       |       |       |       |       |       |       |     5 |     2 ||     7
 Invoke: Heroism           |       |       |       |     2 |     4 |    11 |    10 |    15 |    14 ||    56
         Receive Weapon    |       |       |       |     1 |       |       |       |       |       ||     1
         Receive Armour    |       |       |       |     1 |       |       |       |       |       ||     1
         Finesse           |       |       |       |       |     1 |    11 |     5 |     9 |    11 ||    37
Ability: Breathe Frost     |       |       |    20 |    19 |     4 |     1 |       |       |       ||    44
  Evoke: Wand              |       |       |     1 |    14 |    17 |     2 |     6 |     1 |     1 ||    42
    Use: Scroll            |       |    10 |     5 |     7 |    11 |    10 |     1 |     1 |    15 ||    60
         Potion            |       |     1 |     1 |     3 |     2 |     6 |     2 |     3 |     9 ||    27
   Stab: Sleeping          |       |       |       |     2 |     4 |     4 |    32 |    12 |     7 ||    61
         Distracted        |       |       |       |       |     3 |     4 |     4 |       |     4 ||    15
         Invisible         |       |       |       |       |       |       |       |     1 |       ||     1
 Armour: Skin              |    40 |    55 |   233 |   433 |   510 |   535 |   247 |   320 |   315 ||  2688
  Dodge: Dodged            |    52 |    72 |   173 |   256 |   437 |   582 |   348 |   464 |   568 ||  2952
  Block: Buckler           |    25 |    21 |    92 |   190 |   414 |    44 |       |       |       ||   786
         Reflection        |       |       |       |       |    22 |    25 |    72 |    45 |    18 ||   182
         Kite shield       |       |       |       |       |       |   922 |   728 |   873 |    25 ||  2548
         Tower shield      |       |       |       |       |       |       |       |       |  1198 ||  1198
   Form: Maw               |       |       |       |     1 |       |       |       |       |       ||     1

Levels and vault maps discovered:
D:1:      dpeg_arrival_ratfight, layout_basic
D:2:      layout_basic, serial_shops, nicolae_diamond_shop,
          corexii_corridor_pit, minivault_14, uniq_jessica
D:3:      layout_basic, dreamdust_ecumenical_altar_hidden_monk_grotto,
          chequers_decorated_corner, hellmonk_no_cap
D:4:      layout_basic, uniq_grinder
D:5:      old_forge, layout_basic, chequers_temple_overflow_minitemple,
          nicolae_overflow_quartered_altars, minmay_temple_entry_enclosed_plants
D:6:      lemuel_insect_pit, layout_cave_pools, nzn_hepliaklqana_mist_gate
D:7:      layout_basic, serial_corexii_hall, corexii_hall_statues_x,
          corexii_hall_statues_l, corexii_hall_statues_i, corexii_hall_statues_l
D:8:      layout_rooms, lair_entry_dummy, hellmonk_scale_shop, uniq_pikel
D:9:      layout_stronghold, mainiacjoe_overflow_tiny_flanked,
          gammafunk_ghost_abyssal_escape, uniq_amaemon
D:10:     layout_long_grid, hiddenorc1_lemuel, uniq_lodul
D:11:     layout_cave_pools, ebering_ghost_reflecting_pool
D:12:     layout_rooms, roderic_roman_lattice, nicolae_letterblocks
          [nicolae_letter_subblock, nicolae_letter_subblock,
          nicolae_letter_subblock, nicolae_letter_subblock,
          nicolae_letter_subblock, nicolae_letter_subblock,
          nicolae_letter_subblock, nicolae_letter_subblock,
          nicolae_letter_subblock, nicolae_letter_subblock,
          nicolae_letter_subblock, nicolae_letter_subblock,
          nicolae_letter_subblock, nicolae_letter_subblock,
          nicolae_letter_subblock, nicolae_letter_subblock,
          nicolae_letter_subblock, nicolae_letter_subblock,
          nicolae_letter_subblock, nicolae_letter_subblock,
          nicolae_letter_subblock, nicolae_letter_subblock,
          nicolae_letter_subblock, nicolae_letter_subblock,
          nicolae_letter_subblock]
D:13:     layout_roguey, serial_glass, glass_columns_a, glass_columns_a,
          special_room [special_room_bee], uniq_josephine
D:14:     layout_loops_ring, erik_vaults_2, gammafunk_ghost_hydra_chop,
          fedhas_altar_fruit_tree
D:15:     hangedman_depths_entry_try_elsewhere_first, layout_stronghold,
          serial_rivers, chequers_serial_rivers_large_b,
          chequers_serial_rivers_small_3, chequers_serial_rivers_micro_b,
          chequers_serial_rivers_micro_c, chequers_serial_rivers_micro_c
Temple:   hellmonk_temple_forest_ring
Lair:1:   layout_regular_city, hangedman_lair_unloving_vines, st_stairs_5,
          infiniplex_staircase_pool_2, serial_bayou_shore_b,
          serial_bayou_shore_a, grunt_megastairs_4
Lair:2:   layout_roguey, spider_nest_entry_a, enter_volcano_4,
          serial_bayou_shore_b
Lair:3:   layout_gridlike, minmay_shoals_entry_hut, minmay_lair_oklob_bushes,
          chequers_serial_rivers_marsh, beast_lair_carwin_2
Lair:4:   layout_roguey, nicolae_lair_run_with_the_wolves
Lair:5:   hangedman_lair_tendril_chambers, layout_layer_cave,
          dpeg_slime_entry_corner, st_stairs_8, serial_bayou_shore_b,
          uniq_rupert, uniq_nessos
Shoals:1: layout_shoals, serial_shops, shop, nicolae_shoals_lost_giant_temple,
          nicolae_shoals_loop_pool, uniq_frances, uniq_jorgrun, uniq_roxanne
Shoals:2: layout_shoals, nicolae_shoals_hunting_party, uniq_ilsuiw,
          uniq_polyphemus, uniq_kirke
Shoals:3: layout_shoals, st_shoals_ruin
Shoals:4: shoals_end_hangedman, layout_shoals, serial_shops,
          nicolae_shop_waterfront, nicolae_shoals_circle_sea_wall
Spider:1: layout_cave_pods
Spider:2: layout_chambers, uniq_donald, uniq_aizul
Spider:3: nicolae_spider_broodchamber, spiders_nest_hornet_nest
Spider:4: johnstein_spider_rune_arachne_lair, drop_trap
Slime:1:  nicolae_slime_jelly_donut, layout_caves
Slime:2:  layout_caves
Slime:3:  layout_caves, nicolae_slime_crime_time
Slime:4:  layout_caves
Slime:5:  slime_pit_nicolae_trefoil
Orc:1:    layout_caves, basic_altar, nicolae_shop_self_help
Orc:2:    grunt_orc_community_town_hall, layout_diamond_mine,
          grunt_orc_community_big_house_2, grunt_orc_community_big_house_1,
          grunt_orc_community_house_3, grunt_orc_community_house_2,
          grunt_orc_community_house_2, grunt_orc_community_house_2,
          grunt_orc_community_house_1, serial_shops,
          nicolae_shop_back_alley_shop
Elf:1:    nicolae_elf_arrival_no_cutting_in_line, layout_onion_city,
          hangedman_elf_represent
Elf:2:    nicolae_elf_blades_crystal_corner, layout_gridlike,
          nicolae_trove_entry_isolated
Elf:3:    minmay_elf_hall_spiked, layout_geoelf_octagon, uniq_nikola
Vaults:1: hangedman_vaults_slice, nicolae_vaults_six-pack,
          nicolae_vaults_spaceships, vaults_mumra_hex,
          nicolae_vaults_specimen_jars, nicolae_vaults_shelves_hall,
          hangedman_vaults_hat, nicolae_vaults_door_testing_chamber,
          nicolae_vaults_tetromino_T_1, layout_vaults_omnigrid, uniq_saint_roka
Vaults:2: v_misc_19, nicolae_vaults_meiosis,
          nicolae_vaults_taking_the_gang_shopping, hangedman_vaults_nails,
          ontoclasm_vaults_ring_small, v_misc_27, ontoclasm_vaults_fault,
          nicolae_vaults_little_squares_4, hangedman_vaults_maws,
          nicolae_vaults_closet_pinwheel_4, nicolae_vaults_rhombus_6,
          nicolae_vaults_tetromino_Z_2, layout_vaults_omnibox
Vaults:3: nicolae_vaults_mini_display_case, minmay_crypt_entry_simple_box,
          nicolae_vaults_holding_cells, v_misc_14,
          nicolae_vaults_trapezoid_lopsided_3, vaults_room_semicircle,
          layout_vaults_chaotic_city, serial_shops, shop
Vaults:4: nicolae_vaults_inception_statues, vaults_room_glass_cross,
          nicolae_vaults_trapezoid_3, nicolae_vaults_closet_pinwheel_6,
          nicolae_vaults_hexular_roomagon, grunt_vaults_hallway_short,
          vaults_room_semicircle, v_misc_26, nicolae_vaults_layer_cake_slice,
          vaults_room_semicircle, vaults_room_large_hall, vaults_room_pool,
          layout_vaults_omnicross, serial_glass, uniq_jory, uniq_margery
Vaults:5: serial_shops, uniq_xtahua, uniq_boris, uniq_mara
Depths:1: layout_small_grid, kennysheep_another_room, lightli_too_deep,
          rand_demon_pan_entry_8, nicolae_abyss_entry_one_way_or_another,
          minmay_crystal_box, serial_bayou_shore_b, uniq_asterion,
          uniq_enchantress
Depths:2: minmay_the_grid_square_5x5_3x3 [minmay_the_grid_square_5x5_comb,
          minmay_the_grid_square_5x5_forky,
          minmay_the_grid_square_5x5_eight_small,
          minmay_the_grid_square_5x5_mess,
          minmay_the_grid_square_5x5_megaprize_crossed,
          minmay_the_grid_square_5x5_two, minmay_the_grid_square_5x5_bite,
          minmay_the_grid_square_5x5_hollow_slash,
          minmay_the_grid_square_5x5_three], layout_cave_pools,
          rand_demon_pan_entry_7, nicolae_titane, abyss_entry_flame_altar,
          hell_entry
Depths:3: nzn_winding_woodlands_cross [nzn_winding_woodlands_5x15_pool,
          nzn_winding_woodlands_5x15_sawtooth,
          nzn_winding_woodlands_5x15_sidewinder,
          nzn_winding_woodlands_5x15_garden,
          nzn_winding_woodlands_15x15_boxy_spiral], layout_cave_shapes,
          enter_ziggurat_b, abyss_entry, grunt_hell_entry_dis_old
Depths:4: grunt_twist_and_shout, layout_basic, hell_entry, minmay_misc_feat_iff,
          uniq_parghit
Zot:1:    dreamdust_black_sun_cult, layout_twisted_circle,
          st_grand_hoard_of_tiamat
Zot:2:    layout_gridlike
Zot:3:    layout_misc_corridors
Zot:4:    layout_misc_corridors
Zot:5:    layout_twisted_circle

Notes
Turn   | Place    | Note
-------+----------+-------------------------------------------
     0 | D:1      | MackTheKnife the Draconian Fighter began the quest for the
                  | Orb.
     0 | D:1      | Reached XP level 1. HP: 19/19 MP: 1/1
     0 | D:1      | magus.rc [v1.9.6]
   104 | D:1      | Reached XP level 2. HP: 26/26 MP: 2/2
   209 | D:1      | Reached skill level 3 in Axes
   344 | D:1      | You pick up a book of Spatial Translocations and begin
                  | reading...
   344 | D:1      | You add the spells Blink, Momentum Strike and Lesser
                  | Beckoning to your library.
   444 | D:1      | Reached XP level 3. HP: 24/31 MP: 3/3
  1002 | D:2      | Found Luotul's Book Shop.
  1061 | D:2      | Noticed Jessica
  1071 | D:2      | Killed Jessica
  1072 | D:2      | Reached skill level 4 in Axes
  1104 | D:2      | Reached XP level 4. HP: 34/38 MP: 4/4
  1866 | D:3      | Reached skill level 5 in Axes
  1945 | D:3      | Reached XP level 5. HP: 14/45 MP: 5/5
  2224 | D:3      | Found a faded altar of an unknown god.
  2792 | D:4      | Noticed an ogre
  2832 | D:4      | Noticed a phantom
  2833 | D:4      | Noticed Grinder
  2845 | D:4      | Killed a phantom
  2846 | D:4      | Reached skill level 6 in Axes
  2846 | D:4      | Reached XP level 6. HP: 41/51 MP: 6/6
  2857 | D:4      | Killed Grinder
  2858 | D:4      | Reached skill level 7 in Axes
  3240 | D:5      | Entered Level 5 of the Dungeon
  3265 | D:5      | Your scales start taking on an icy white colour.
  3265 | D:5      | Reached XP level 7. HP: 47/57 MP: 7/7
  3265 | D:5      | Gained mutation: Your flesh is cold resistant. (rC+) [White
                  | Draconian growth]
  3459 | D:5      | Reached skill level 8 in Axes
  3775 | D:5      | Reached skill level 9 in Axes
  3802 | D:5      | Found a sacrificial altar of Ru.
  3802 | D:5      | Found a faded altar of an unknown god.
  3808 | D:5      | Found a bloodstained altar of Trog.
  3812 | D:5      | Found a shimmering altar of Xom.
  3814 | D:5      | Found a shadowy altar of Dithmenos.
  4038 | D:5      | Reached XP level 8. HP: 57/63 MP: 8/8
  4050 | D:5      | Reached skill level 10 in Axes
  4205 | D:5      | Found a snail-covered altar of Cheibriados.
  4249 | D:5      | Found a sparkling altar of Nemelex Xobeh.
  4274 | D:5      | Found an opulent altar of Gozag.
  4291 | D:5      | Found a glowing silver altar of Zin.
  4301 | D:5      | Reached skill level 4 in Fighting
  4480 | D:5      | Found a staircase to the Ecumenical Temple.
  4486 | Temple   | Entered the Ecumenical Temple
  4504 | Temple   | Became a worshipper of Warmaster Okawaru
  5014 | D:6      | Reached skill level 5 in Fighting
  5043 | D:6      | Reached * piety under Okawaru
  5219 | D:6      | You pick up a book of Dreams and begin reading...
  5219 | D:6      | You add the spells Jinxbite, Ensorcelled Hibernation and
                  | Anguish to your library.
  5305 | D:6      | Found a runed translucent door.
  5307 | D:6      | Found a runed translucent door.
  5484 | D:6      | Found a hazy altar of Hepliaklqana.
  5567 | D:7      | Reached skill level 6 in Fighting
  5567 | D:7      | Reached skill level 11 in Axes
  5567 | D:7      | Reached XP level 9. HP: 54/74 MP: 9/9
  6185 | D:7      | Reached ** piety under Okawaru
  6194 | D:7      | Reached skill level 7 in Fighting
  6819 | D:8      | Noticed Pikel
  7179 | D:8      | Killed Pikel
  7180 | D:8      | Reached skill level 8 in Fighting
  7180 | D:8      | Reached skill level 12 in Axes
  7591 | D:8      | Found a staircase to the Lair.
  7602 | D:8      | Found Ulaurgho's Superior Scales.
  7720 | D:9      | Noticed a gargoyle
  7743 | D:9      | Killed a gargoyle
  7743 | D:9      | Reached *** piety under Okawaru
  7744 | D:9      | Reached skill level 9 in Fighting
  7744 | D:9      | Reached XP level 10. HP: 58/91 MP: 10/10
  7922 | D:9      | Found a transporter.
  7923 | D:9      | Noticed a hell hog
  7931 | D:9      | Noticed a skeletal warrior
  8139 | D:9      | Noticed a thrashing horror
  8170 | D:9      | Found a basalt altar of Yredelemnul.
  8303 | D:9      | Noticed an orange demon
  8334 | D:9      | Killed an orange demon
  8335 | D:9      | Reached skill level 4 in Shields
  8374 | D:9      | Noticed Amaemon
  8456 | D:9      | Found a transporter.
  8480 | D:9      | Noticed a two-headed ogre
  8499 | D:9      | Killed a two-headed ogre
  8499 | D:9      | Reached **** piety under Okawaru
  8500 | D:9      | Reached skill level 13 in Axes
  8500 | D:9      | Reached skill level 5 in Shields
  8563 | D:9      | Found a one-way gate to the infinite horrors of the Abyss.
  8563 | D:9      | Noticed a rakshasa
  8565 | D:9      | Noticed KineticRobot's ghost (novice MfSh)
  8880 | D:9      | Noticed a toenail golem
  8934 | D:10     | Entered Level 10 of the Dungeon
  9231 | D:10     | Found a staircase to the Orcish Mines.
  9427 | D:10     | Noticed a centaur warrior
  9441 | D:10     | Killed a centaur warrior
  9441 | D:10     | Reached ***** piety under Okawaru
  9532 | D:10     | Noticed Lodul
  9631 | Lair:1   | Entered Level 1 of the Lair of Beasts
  9733 | Lair:1   | Reached XP level 11. HP: 80/99 MP: 11/11
  9740 | Lair:1   | Reached skill level 10 in Fighting
  9875 | Lair:1   | Reached skill level 14 in Axes
  9948 | Lair:1   | Reached skill level 11 in Fighting
 10229 | Lair:1   | Reached skill level 1 in Shapeshifting
 10467 | Lair:1   | Reached skill level 12 in Fighting
 10748 | Lair:1   | Received a gift from Okawaru
 10749 | Lair:1   | Reached skill level 2 in Shapeshifting
 10936 | Lair:2   | Reached skill level 3 in Shapeshifting
 10951 | Lair:2   | Found a dark tunnel.
 11029 | Volcano  | Entered a volcano
 11075 | Volcano  | Noticed a fire crab
 11085 | Volcano  | Killed a fire crab
 11086 | Volcano  | Reached skill level 4 in Shapeshifting
 11250 | Volcano  | Noticed a hell hog
 11264 | Volcano  | Killed a hell hog
 11265 | Volcano  | Reached skill level 5 in Shapeshifting
 11667 | Lair:2   | Reached skill level 6 in Shapeshifting
 11678 | Lair:2   | Reached ****** piety under Okawaru
 11700 | Lair:1   | Acquired the +10 broad axe "Gyss" {heavy, rCorr Dex+2 SInv}
 11700 | Lair:1   | Received a gift from Okawaru
 11786 | Lair:1   | Acquired a +1 pair of boots of rampaging
 11786 | Lair:1   | Received a gift from Okawaru
 11835 | Lair:2   | Noticed a boulder beetle
 11848 | Lair:2   | Killed a boulder beetle
 12009 | Lair:2   | Reached XP level 12. HP: 112/112 MP: 12/12
 12010 | Lair:2   | Noticed a six-headed hydra
 12013 | Lair:2   | Reached skill level 7 in Shapeshifting
 12016 | Lair:2   | Killed a ten-headed hydra
 12016 | Lair:2   | Received a gift from Okawaru
 12101 | Lair:2   | Reached skill level 8 in Shapeshifting
 12196 | Lair:2   | Noticed a boulder beetle
 12204 | Lair:2   | Killed a boulder beetle
 12357 | Lair:2   | Reached skill level 9 in Shapeshifting
 12384 | Lair:2   | Noticed a seven-headed hydra
 12399 | Lair:2   | Killed an eight-headed hydra
 12469 | Lair:2   | Found a hole to the Spider Nest.
 12825 | Lair:3   | Reached skill level 10 in Shapeshifting
 12825 | Lair:3   | Reached skill level 1 in Invocations
 12826 | Lair:3   | Received a gift from Okawaru
 12827 | Lair:3   | Reached skill level 2 in Invocations
 12921 | Lair:3   | Reached skill level 3 in Invocations
 12926 | Lair:3   | Reached skill level 4 in Invocations
 12993 | Lair:3   | Found a staircase to the Shoals.
 13002 | Lair:3   | Reached skill level 5 in Invocations
 13429 | Lair:3   | Reached skill level 6 in Invocations
 13837 | Lair:4   | Noticed a four-headed hydra
 13845 | Lair:4   | Killed a six-headed hydra
 13846 | Lair:4   | Reached skill level 7 in Invocations
 13986 | Lair:4   | Received a gift from Okawaru
 13987 | Lair:4   | Reached XP level 13. HP: 98/118 MP: 18/18
 13988 | Lair:4   | Reached skill level 8 in Invocations
 13994 | Lair:4   | Reached skill level 1 in Evocations
 13997 | Lair:4   | Reached skill level 2 in Evocations
 13999 | Lair:4   | Reached skill level 3 in Evocations
 14003 | Lair:4   | HP: 24/118 [13-headed hydra (8)]
 14576 | Lair:4   | Reached skill level 4 in Evocations
 14882 | Lair:5   | Entered Level 5 of the Lair of Beasts
 14945 | Lair:5   | Received a gift from Okawaru
 14946 | Lair:5   | Reached skill level 5 in Evocations
 15039 | Lair:5   | Reached skill level 15 in Axes
 15101 | Lair:5   | Received a gift from Okawaru
 15293 | Lair:5   | Reached skill level 16 in Axes
 15373 | Lair:5   | Received a gift from Okawaru
 15376 | Lair:5   | Noticed Rupert
 15378 | Lair:5   | Noticed Nessos
 15604 | Lair:5   | Found a viscous altar of Jiyva.
 15606 | Lair:5   | Found a staircase to the Slime Pits.
 15726 | Lair:5   | Reached XP level 14. HP: 113/126 MP: 20/20
 15742 | Lair:5   | Killed Rupert
 15743 | Lair:5   | Reached skill level 17 in Axes
 15776 | Lair:5   | Killed Nessos
 15776 | Lair:5   | Received a gift from Okawaru
 16363 | Lair:5   | HP: 30/126 [poisoned by a guardian serpent (bolt of
                  | poison)]
 16595 | Lair:5   | You pick up a book of the Wilderness and begin reading...
 17283 | D:10     | Killed Lodul
 17299 | Orc:1    | Entered Level 1 of the Orcish Mines
 17306 | Orc:1    | You fall into a shaft and drop 1 floor!
 17306 | Orc:2    | Entered Level 2 of the Orcish Mines
 17350 | Orc:2    | Noticed an orc warlord
 17353 | Orc:2    | Received a gift from Okawaru
 17364 | Orc:2    | Reached skill level 18 in Axes
 17389 | Orc:2    | Killed an orc warlord
 17390 | Orc:2    | Reached skill level 3 in Dodging
 17708 | Orc:1    | Found Defode's Self-Improvement Boutique.
 17729 | Orc:1    | Reached skill level 4 in Dodging
 18064 | Orc:2    | Found Irink's Antique Weapon Shop.
 18137 | Orc:2    | Found Cufaatz's Distillery.
 18140 | Orc:2    | Reached skill level 5 in Dodging
 18150 | Orc:2    | Bought a potion of curing for 39 gold pieces
 18150 | Orc:2    | Bought a potion of mutation for 104 gold pieces
 18150 | Orc:2    | Bought a potion of curing for 39 gold pieces
 18150 | Orc:2    | Bought a potion of curing for 39 gold pieces
 18453 | Orc:2    | Found Fyavvud's General Store.
 18536 | Orc:2    | Noticed an orc warlord
 18554 | Orc:2    | Killed an orc warlord
 18555 | Orc:2    | Reached skill level 6 in Dodging
 18664 | Orc:2    | Found a staircase to the Elven Halls.
 18785 | Orc:1    | Received a gift from Okawaru
 18786 | Orc:1    | Reached skill level 7 in Dodging
 18983 | Orc:2    | Found Naeqy's Antique Armour Emporium.
 18984 | Orc:2    | Found Vurghihih's Antique Weapon Shoppe.
 18997 | Orc:2    | Bought a dazzling cloak for 266 gold pieces
 18997 | Orc:2    | Identified the +1 cloak of the Engineer {Str+6} (You bought
                  | it in a shop on level 2 of the Orcish Mines)
 19755 | D:11     | Found a runed translucent door.
 19771 | D:11     | Noticed Flippered's ghost (journeyman SpHu)
 19786 | D:11     | Killed Flippered's ghost
 19787 | D:11     | Reached skill level 8 in Dodging
 20567 | D:12     | Reached XP level 15. HP: 129/132 MP: 21/21
 20568 | D:12     | Reached skill level 9 in Dodging
 20755 | D:13     | Received a gift from Okawaru
 20871 | D:13     | Noticed Josephine
 21363 | D:13     | Killed Josephine
 21373 | D:13     | Reached skill level 10 in Dodging
 21388 | D:13     | Reached skill level 6 in Shields
 21649 | D:14     | Noticed JaaP's ghost (journeyman GnFE)
 21649 | D:14     | Found a runed translucent gate.
 21649 | D:14     | Found a runed translucent gate.
 21650 | D:14     | Found a runed translucent gate.
 21847 | D:14     | Reached skill level 13 in Fighting
 22064 | D:14     | Found a gate to the Vaults.
 22072 | D:14     | Received a gift from Okawaru
 22096 | D:14     | Reached skill level 14 in Fighting
 22161 | D:14     | You pick up a book of Frost and begin reading...
 22161 | D:14     | You add the spells Freeze, Frozen Ramparts and Hailstorm to
                  | your library.
 22183 | D:14     | Found a blossoming altar of Fedhas.
 22502 | D:13     | Killed JaaP's ghost
 22607 | D:14     | Identified the +0 pair of gloves of the Scribe {Int+2}
 22654 | D:15     | Entered Level 15 of the Dungeon
 22693 | D:15     | Received a gift from Okawaru
 22839 | D:15     | Reached skill level 15 in Fighting
 23036 | D:15     | Found a staircase to the Depths.
 23494 | D:15     | You pick up a book of Hexes and begin reading...
 23494 | D:15     | You add the spells Cause Fear and Enfeeble to your library.
 24166 | Spider:1 | Entered Level 1 of the Spider Nest
 24679 | Spider:1 | Received a gift from Okawaru
 24680 | Spider:1 | Reached skill level 16 in Fighting
 24836 | Spider:1 | You pick up a book of Spatial Translocations and begin
                  | reading...
 25046 | Spider:2 | Reached XP level 16. HP: 151/151 MP: 22/22
 25050 | Spider:2 | Identified the +10 trident of Division {elec, rF+ rN+
                  | Int+3}
 25077 | Spider:2 | Noticed Aizul
 25093 | Spider:2 | Killed Aizul
 25230 | Spider:2 | Reached skill level 11 in Dodging
 25291 | Spider:2 | Received a gift from Okawaru
 25500 | Spider:2 | Noticed Donald
 25508 | Spider:2 | Killed Donald
 25569 | Spider:2 | You fall into a shaft and drop 1 floor!
 25826 | Spider:2 | Reached skill level 7 in Shields
 26301 | Spider:2 | Received a gift from Okawaru
 26435 | Spider:2 | Reached skill level 8 in Shields
 26848 | Spider:3 | Reached skill level 9 in Shields
 26906 | Spider:3 | You pick up a book of Touch and begin reading...
 26906 | Spider:3 | You add the spells Kiss of Death, Confusing Touch and
                  | Dispel Undead to your library.
 27395 | Spider:4 | Entered Level 4 of the Spider Nest
 27399 | Spider:4 | Reached skill level 10 in Shields
 27405 | Spider:4 | Received a gift from Okawaru
 27637 | Spider:4 | Reached skill level 11 in Shields
 27954 | Spider:4 | Received a gift from Okawaru
 28106 | Spider:4 | Reached skill level 12 in Shields
 28110 | Spider:4 | Reached XP level 17. HP: 136/158 MP: 16/23
 28146 | Spider:4 | Noticed Arachne
 28158 | Spider:4 | Received a gift from Okawaru
 28164 | Spider:4 | Reached skill level 13 in Shields
 28164 | Spider:4 | Killed Arachne
 28375 | Spider:4 | Got a gossamer rune of Zot
 28963 | Spider:4 | Gained mutation: You passively dampen the noise of your
                  | surroundings. [potion of mutation]
 28963 | Spider:4 | Gained mutation: You sometimes lose your temper in combat.
                  | [potion of mutation]
 28963 | Spider:4 | Gained mutation: Your mind is acute. (Int +4, Str/Dex -1)
                  | [potion of mutation]
 28964 | Spider:4 | Lost mutation: You sometimes lose your temper in combat.
                  | [potion of mutation]
 28964 | Spider:4 | Lost mutation: You passively dampen the noise of your
                  | surroundings. [potion of mutation]
 28964 | Spider:4 | Lost mutation: Your mind is acute. (Int +4, Str/Dex -1)
                  | [potion of mutation]
 28964 | Spider:4 | Gained mutation: Your tail ends in a venomous barb. [potion
                  | of mutation]
 29100 | Lair:2   | magus.rc [v1.9.6]
 29151 | Shoals:1 | Entered Level 1 of the Shoals
 29171 | Shoals:1 | Noticed Jorgrun
 29620 | Shoals:1 | Noticed Roxanne
 29625 | Shoals:1 | Found Witydd's Magic Scroll Shop.
 29656 | Shoals:1 | Killed Jorgrun
 29670 | Shoals:1 | Bought a scroll of blinking for 127 gold pieces
 29789 | Shoals:1 | Reached skill level 14 in Shields
 29792 | Shoals:1 | Reached skill level 12 in Dodging
 29793 | Shoals:1 | Noticed Frances
 29807 | Shoals:1 | Received a gift from Okawaru
 29809 | Shoals:1 | Killed Frances
 30196 | Shoals:2 | Noticed Ilsuiw
 30214 | Shoals:2 | Killed Ilsuiw
 30256 | Shoals:2 | Noticed Polyphemus
 30271 | Shoals:2 | Killed Polyphemus
 30374 | Shoals:2 | Received a gift from Okawaru
 30609 | Shoals:2 | Noticed Kirke
 30624 | Shoals:2 | Killed Kirke
 31125 | Shoals:3 | Reached skill level 13 in Dodging
 31125 | Shoals:3 | Reached skill level 15 in Shields
 31664 | Shoals:3 | Reached XP level 18. HP: 162/166 MP: 24/24
 32087 | Shoals:4 | Entered Level 4 of the Shoals
 32107 | Shoals:4 | Reached skill level 14 in Dodging
 32306 | Shoals:4 | Received a gift from Okawaru
 32364 | Shoals:4 | You pick up a book of the Warp and begin reading...
 32364 | Shoals:4 | You add the spells Dispersal and Disjunction to your
                  | library.
 32438 | Shoals:4 | You pick up a book of Blood and begin reading...
 32438 | Shoals:4 | You add the spells Sublimation of Blood and Wereblood to
                  | your library.
 32695 | Shoals:4 | Reached skill level 15 in Dodging
 32785 | Shoals:4 | Reached skill level 1 in Stealth
 32791 | Shoals:4 | Reached skill level 2 in Stealth
 32802 | Shoals:4 | Reached skill level 3 in Stealth
 32809 | Shoals:4 | HP: 36/166 [merfolk javelineer/silver javelin (15)]
 32818 | Shoals:4 | Reached skill level 4 in Stealth
 33008 | Shoals:4 | Got a barnacled rune of Zot
 33200 | Shoals:4 | Found Poajy's Jewellery Shop.
 33223 | Shoals:4 | Bought a ring of the Octopus King {HP+2 MP+9 AC+2 EV+2
                  | SH+2} for 733 gold pieces
 33223 | Shoals:4 | Found the ring of the Octopus King {HP+2 MP+9 AC+2 EV+2
                  | SH+2}
 33285 | Shoals:4 | Reached skill level 5 in Stealth
 33639 | Vaults:1 | Entered Level 1 of the Vaults
 33641 | Vaults:1 | magus.rc [v1.9.6]
 33644 | Vaults:1 | Learned a level 2 spell: Wereblood
 33780 | Vaults:1 | Received a gift from Okawaru
 33787 | Vaults:1 | Reached skill level 6 in Stealth
 33795 | Vaults:1 | You are cast into the Abyss!
 33795 | Abyss:2  | Cast into level 2 of the Abyss (a wizard)
 33842 | Abyss:2  | Found a corrupted altar of Lugonu.
 34008 | Abyss:2  | Noticed a Hell Sentinel
 34020 | Abyss:2  | Killed a Hell Sentinel
 34028 | Abyss:2  | Found a corrupted altar of Lugonu.
 34035 | Abyss:2  | Reached skill level 7 in Stealth
 34195 | Abyss:2  | Noticed a bone dragon
 34205 | Abyss:2  | Killed a bone dragon
 34206 | Abyss:2  | Reached skill level 8 in Stealth
 34219 | Vaults:1 | You pass through the gate.
 34219 | Vaults:1 | Escaped the Abyss
 34227 | Vaults:1 | Received a gift from Okawaru
 34310 | Vaults:1 | Reached skill level 1 in Transmutations
 34334 | Vaults:1 | Reached skill level 2 in Transmutations
 34424 | Vaults:1 | Reached skill level 3 in Transmutations
 34566 | Vaults:1 | Reached skill level 4 in Transmutations
 34685 | Vaults:1 | Noticed Saint Roka
 34837 | Vaults:1 | Reached skill level 5 in Transmutations
 34928 | Vaults:1 | Killed Saint Roka
 34929 | Vaults:1 | Reached XP level 19. HP: 121/172 MP: 25/25
 35154 | Vaults:1 | Reached skill level 6 in Transmutations
 35627 | Vaults:1 | Reached skill level 7 in Transmutations
 35779 | Vaults:2 | Found Gupen's Armour Boutique.
 36189 | Vaults:2 | Received a gift from Okawaru
 36234 | Vaults:2 | Reached skill level 17 in Fighting
 36570 | Vaults:2 | Reached skill level 18 in Fighting
 36737 | Vaults:3 | Received a gift from Okawaru
 36958 | Vaults:3 | Found Uxunoteu's Jewellery Shop.
 36969 | Vaults:3 | Reached skill level 19 in Fighting
 37623 | Vaults:3 | Received a gift from Okawaru
 37628 | Vaults:3 | Found a staircase to the Crypt.
 38019 | Vaults:4 | Noticed Jory
 38035 | Vaults:4 | Killed Jory
 38096 | Vaults:4 | magus.rc [v1.9.6]
 38122 | Vaults:4 | Reached skill level 20 in Fighting
 38126 | Vaults:4 | Reached XP level 20. HP: 188/193 MP: 26/26
 38242 | Vaults:4 | Noticed Margery
 38254 | Vaults:4 | Killed Margery
 38312 | Vaults:4 | You pick up a book of Armaments and begin reading...
 38312 | Vaults:4 | You add the spells Stone Arrow and Lehudib's Crystal Spear
                  | to your library.
 38631 | Vaults:4 | Received a gift from Okawaru
 38633 | Vaults:4 | Reached skill level 21 in Fighting
 38635 | Vaults:4 | Reached skill level 1 in Spellcasting
 38698 | Vaults:4 | Reached skill level 2 in Spellcasting
 38864 | Vaults:4 | Reached skill level 3 in Spellcasting
 38932 | Vaults:4 | Reached skill level 4 in Spellcasting
 38949 | Vaults:4 | Reached skill level 1 in Throwing
 39242 | Orc:1    | Bought a manual of Throwing for 800 gold pieces
 39593 | Vaults:4 | Reached skill level 2 in Throwing
 39597 | Vaults:4 | Reached skill level 3 in Throwing
 39693 | Vaults:4 | Reached skill level 4 in Throwing
 40083 | Elf:1    | Entered Level 1 of the Elven Halls
 40099 | Elf:1    | Reached skill level 5 in Throwing
 40113 | Elf:1    | Reached skill level 6 in Throwing
 40114 | Elf:1    | Received a gift from Okawaru
 40375 | Elf:1    | Reached skill level 7 in Throwing
 40481 | Elf:1    | Reached skill level 8 in Throwing
 40506 | Elf:1    | Reached skill level 9 in Throwing
 40978 | Elf:1    | Reached skill level 10 in Throwing
 41257 | Elf:2    | Received a gift from Okawaru
 41294 | Elf:2    | Reached skill level 11 in Throwing
 41308 | Elf:2    | You pick up a book of Ice and begin reading...
 41308 | Elf:2    | You add the spells Ozocubu's Refrigeration and Polar Vortex
                  | to your library.
 41343 | Elf:2    | Found a portal to a secret trove of treasure.
 41488 | Elf:2    | Reached skill level 12 in Throwing
 41495 | Elf:2    | Found a runed translucent gate.
 41496 | Elf:2    | Found a runed translucent gate.
 41496 | Elf:2    | Found a runed translucent gate.
 41724 | Elf:3    | Entered Level 3 of the Elven Halls
 41979 | Elf:3    | Reached XP level 21. HP: 204/204 MP: 27/27
 42392 | Elf:3    | Noticed Nikola
 42415 | Elf:3    | Killed Nikola
 42582 | Elf:3    | Reached skill level 13 in Throwing
 42715 | Elf:3    | You are cast into the Abyss!
 42715 | Abyss:3  | Cast into level 3 of the Abyss (a deep elf sorcerer)
 42765 | Abyss:3  | Found a corrupted altar of Lugonu.
 42809 | Abyss:3  | Received a gift from Okawaru
 42846 | Elf:3    | You pass through the gate.
 42846 | Elf:3    | Escaped the Abyss
 42861 | Elf:3    | Reached skill level 14 in Throwing
 42953 | Elf:3    | Identified the +7 dire flail "Gesinouq" {holy, rF+}
 43008 | Elf:3    | Gained mutation: You are clumsy. (Dex -2) [a neqoxec]
 43039 | Elf:3    | Received a gift from Okawaru
 43122 | Elf:3    | You add the spells Cigotuvi's Dreadful Rot, Ignite Poison
                  | and Freezing Cloud to your library.
 43223 | Elf:3    | Identified the +0 robe "Atim" {rC+ rN+}
 43224 | Elf:3    | You add the spells Sting, Poisonous Vapours and Olgreb's
                  | Toxic Radiance to your library.
 43261 | Elf:3    | Identified the +1 dagger "Qagy" {flame, rPois}
 43282 | Elf:3    | You pick up a book of Armaments and begin reading...
 43284 | Elf:3    | Identified the +0 pair of gloves of Ignis's Hope {+Blink
                  | rPois Will+}
 43826 | Depths:1 | Entered Level 1 of the Depths
 43826 | Depths:1 | Found a runed translucent door.
 43839 | Depths:1 | Reached skill level 15 in Throwing
 43977 | Depths:1 | Identified a potion of experience
 43982 | Depths:1 | Reached skill level 10 in Invocations
 43982 | Depths:1 | Reached XP level 22. HP: 213/213 MP: 29/29
 44078 | Depths:1 | the Enchantress comes into view. She is wielding a +1
                  | vampiric demon whip, wearing the +1 faerie dragon scales
                  | {rCorr Dex+2} and wearing a +1 buckler of protection.
 44078 | Depths:1 | Noticed the Enchantress
 44079 | Depths:1 | Here: the Enchantress, wielding a +1 vampiric demon whip,
                  | wearing the +1 faerie dragon scales {rCorr Dex+2} and
                  | wearing a +1 buckler of protection (wandering, repelling
                  | missiles, hasn't noticed you)
 44079 | Depths:1 | Here: the Enchantress, wielding a +1 vampiric demon whip,
                  | wearing the +1 faerie dragon scales {rCorr Dex+2} and
                  | wearing a +1 buckler of protection (wandering, repelling
                  | missiles, hasn't noticed you)
 44095 | Depths:1 | Reached skill level 11 in Invocations
 44096 | Depths:1 | Killed the Enchantress
 44146 | Depths:1 | Found a one-way gate leading to the halls of Pandemonium.
 44281 | Depths:1 | Reached skill level 12 in Invocations
 44409 | Depths:1 | Learned a level 4 spell: Manifold Assault
 44425 | Depths:1 | Noticed Louise
 44436 | Depths:1 | Killed Louise
 44437 | Depths:1 | Reached skill level 1 in Translocations
 44439 | Depths:1 | Noticed Asterion
 44448 | Depths:1 | Reached skill level 2 in Translocations
 44448 | Depths:1 | Killed Asterion
 44490 | Depths:1 | Reached skill level 3 in Translocations
 44565 | Depths:1 | Reached skill level 4 in Translocations
 44567 | Depths:1 | Received a gift from Okawaru
 44632 | Depths:1 | Found a gateway to Hell.
 44901 | Depths:1 | Reached skill level 5 in Translocations
 45215 | Depths:1 | You add the spells Sticky Flame and Ignition to your
                  | library.
 45222 | Depths:1 | Identified the +10 bardiche of Zousm {drain, rElec rF-
                  | Int-3 SInv}
 45269 | Depths:2 | Reached skill level 6 in Translocations
 45284 | Depths:2 | Found a corrupted altar of Lugonu.
 45289 | Depths:2 | Reached XP level 23. HP: 155/220 MP: 32/32
 45304 | Depths:2 | Reached skill level 7 in Translocations
 45498 | Depths:2 | Reached skill level 8 in Translocations
 45713 | Depths:2 | Received a gift from Okawaru
 45728 | Depths:2 | Paralysed by a floating eye for 2 turns
 45732 | Depths:2 | You fall into a shaft and drop 2 floors!
 45732 | Depths:4 | Entered Level 4 of the Depths
 45780 | Depths:4 | Reached skill level 9 in Translocations
 45783 | Depths:4 | Noticed a juggernaut
 45790 | Depths:4 | Killed a juggernaut
 45975 | Depths:2 | Reached skill level 10 in Translocations
 46121 | Depths:2 | a tengu warrior comes into view. It is wielding a +3 great
                  | sword and wearing the +8 orange crystal plate armour
                  | {Archmagi, Int+3 Clar}.
 46126 | Depths:2 | Reached skill level 11 in Translocations
 46133 | Depths:2 | v - the +8 orange crystal plate armour {Archmagi, Int+3
                  | Clar, rare=g}
 46149 | Depths:2 | You pick up a book of Displacement and begin reading...
 46149 | Depths:2 | You add the spells Gell's Gravitas and Teleport Other to
                  | your library.
 46154 | Depths:2 | Identified the +9 hand axe of Jyesucs {drain, rF+ Int+3
                  | Stlth+}
 46158 | Depths:2 | You pick up a book of Frost and begin reading...
 46441 | Depths:3 | Found a one-way gateway to a ziggurat.
 46459 | Depths:3 | Received a gift from Okawaru
 46745 | Depths:3 | Identified +0 gold dragon scales
 46746 | Depths:3 | Reached skill level 12 in Translocations
 47056 | Depths:3 | Reached skill level 5 in Spellcasting
 47319 | Depths:3 | Reached skill level 6 in Spellcasting
 47587 | Depths:3 | Identified +0 gold dragon scales
 47847 | Depths:3 | +0 gold dragon scales {rare}; a golden dragon skeleton
 47855 | Depths:3 | +0 gold dragon scales {rare}; a golden dragon skeleton
 48116 | Depths:3 | You pick up a book of Minor Magic and begin reading...
 48116 | Depths:3 | You add the spells Magic Dart and Mephitic Cloud to your
                  | library.
 48197 | Depths:3 | Learned a level 2 spell: Blink
 48215 | Depths:3 | You add the spells Passwall and Dimensional Bullseye to
                  | your library.
 48215 | Depths:3 | Got a blackened book
 48291 | Depths:4 | Identified +6 gold dragon scales
 48291 | Depths:4 | Noticed Parghit
 48314 | Depths:4 | Killed Parghit
 48682 | Depths:4 | Received a gift from Okawaru
 49306 | Depths:4 | Found a gate to the Realm of Zot.
 49708 | Vaults:5 | Entered Level 5 of the Vaults
 49721 | Vaults:5 | Reached skill level 16 in Shields
 49727 | Vaults:5 | Reached skill level 16 in Dodging
 49727 | Vaults:5 | Reached XP level 24. HP: 228/228 MP: 32/32
 49739 | Vaults:5 | Received a gift from Okawaru
 49759 | Vaults:5 | Identified +0 gold dragon scales
 49843 | Vaults:5 | Identified the ring of Cacisopti {Fly rN+ Str-5 Int+3}
 49968 | Vaults:5 | Got a silver rune of Zot
 50121 | Vaults:5 | Reached skill level 17 in Shields
 50131 | Vaults:5 | Noticed Mara
 50140 | Vaults:5 | Noticed MackTheKnife's illusion
 50144 | Vaults:5 | Noticed MackTheKnife's illusion
 50144 | Vaults:5 | Killed Mara
 50144 | Vaults:5 | Received a gift from Okawaru
 50412 | Vaults:5 | Reached skill level 17 in Dodging
 50493 | Vaults:5 | Identified the ring of Roanitoth {Fly rPois Int-5 Dex+4}
 50563 | Vaults:5 | Noticed Xtahua
 50564 | Vaults:5 | Noticed Boris
 50573 | Vaults:5 | Killed Boris
 50573 | Vaults:5 | Received a gift from Okawaru
 50576 | Vaults:5 | Killed Xtahua
 50590 | Vaults:5 | Identified the +6 arbalest "Muuwor" {flame, Str+7}
 50842 | Vaults:5 | Reached skill level 18 in Shields
 51024 | Vaults:5 | Found Giwkeoke's Book Boutique.
 51051 | Vaults:5 | Got a curling book
 51636 | Slime:1  | Entered Level 1 of the Pits of Slime
 51648 | Slime:1  | Reached skill level 18 in Dodging
 51654 | Slime:1  | Reached skill level 9 in Stealth
 51790 | Slime:3  | Gained mutation: You are frail. (-10% HP) [a shining eye]
 51820 | Slime:3  | Lost mutation: You are clumsy. (Dex -2) [potion of
                  | mutation]
 51820 | Slime:3  | Lost mutation: Your tail ends in a venomous barb. [potion
                  | of mutation]
 51820 | Slime:3  | Gained mutation: Your spells are a little harder to cast,
                  | but a little more powerful. [potion of mutation]
 51820 | Slime:3  | Gained mutation: You are weak. (Str -2) [potion of
                  | mutation]
 51820 | Slime:3  | Lost mutation: You are frail. (-10% HP) [potion of
                  | mutation]
 52098 | Slime:5  | Entered Level 5 of the Pits of Slime
 52134 | Slime:5  | Reached skill level 10 in Stealth
 52685 | Slime:5  | Found a viscous altar of Jiyva.
 52719 | Slime:5  | Noticed the Royal Jelly
 52726 | Slime:5  | Killed the Royal Jelly
 52727 | Slime:5  | Reached XP level 25. HP: 230/237 MP: 32/32
 53209 | Slime:4  | Gained mutation: You occasionally lose the ability to read
                  | scrolls when taking damage. [a shining eye]
 53358 | Slime:5  | Found the +10 zealot's sword {holy, Zealotry, *Rage rN+
                  | EV+3}
 53365 | Slime:5  | Got a disorganized book
 53380 | Slime:5  | Identified the staff "Wextoxt" {Fly rPois rN+ rCorr Necro}
 53399 | Slime:5  | Identified the ring "Rilytius" {Will+ Str+2 Dex+6}
 53433 | Slime:5  | Reached skill level 22 in Fighting
 53465 | Slime:5  | You pick up a book of the Dragon and begin reading...
 53466 | Slime:5  | Identified the +6 shortbow of Wush {elec, Dex+5}
 53469 | Slime:5  | Identified the +10 battleaxe of Birghevo {protect, *Slow
                  | rPois Str+5 Int+3}
 53479 | Slime:5  | You pick up a book of Power and begin reading...
 53479 | Slime:5  | You add the spells Iskenderun's Battlesphere and Bombard to
                  | your library.
 53527 | Slime:5  | Identified the +5 spear "Buasalof" {freeze, Str+3 Dex+2}
 53531 | Slime:5  | You pick up a book of Armaments and begin reading...
 53533 | Slime:5  | Got a slimy rune of Zot
 53534 | Slime:5  | Identified the +8 shortbow "Ikhik" {antimagic, Fragile
                  | Dex+3 Stlth+}
 53538 | Slime:5  | Identified the staff "Fejusch" {rC+ rN+ Will+ Necro Air}
 53546 | Slime:5  | You pick up a book of Flames and begin reading...
 53546 | Slime:5  | You add the spells Inner Flame and Flame Wave to your
                  | library.
 53550 | Slime:5  | You add the spells Necrotise, Vampiric Draining and
                  | Borgnjor's Vile Clutch to your library.
 53550 | Slime:5  | Got a moldy book
 53695 | Lair:5   | Lost mutation: Your spells are a little harder to cast, but
                  | a little more powerful. [potion of mutation]
 53695 | Lair:5   | Lost mutation: You occasionally lose the ability to read
                  | scrolls when taking damage. [potion of mutation]
 53695 | Lair:5   | Gained mutation: You are clumsy. (Dex -2) [potion of
                  | mutation]
 53695 | Lair:5   | Gained mutation: Your mind is acute. (Int +4, Str/Dex -1)
                  | [potion of mutation]
 54053 | Zot:1    | Entered Level 1 of the Realm of Zot
 54442 | Zot:1    | Identified +0 gold dragon scales
 54455 | Zot:1    | Identified +0 gold dragon scales
 54458 | Zot:1    | Received a gift from Okawaru
 54466 | Zot:1    | Identified +0 gold dragon scales
 54491 | Zot:1    | Found the +4 dragonskin cloak
 54491 | Zot:1    | Noticed Tiamat
 54491 | Zot:1    | Tiamat, Avatar of the Dragonlord comes into view. She is
                  | wielding a +2 bardiche of flaming and wearing the +4
                  | dragonskin cloak.
 54512 | Zot:1    | Killed Tiamat
 54523 | Zot:1    | Reached skill level 19 in Shields
 54527 | Zot:1    | Identified +0 gold dragon scales
 54768 | Zot:1    | +0 acid dragon scales; +0 gold dragon scales {rare}; a
                  | golden dragon skeleton
 54770 | Zot:1    | +0 acid dragon scales; +0 acid dragon scales; +0 gold
                  | dragon scales {rare}
 54906 | Zot:1    | Identified the +5 orcbow of Disharmony {heavy, rC+ rCorr}
 54911 | Zot:1    | Identified the staff "Jat Esai" {rElec rCorr Air}
 55023 | Zot:1    | Identified the +1 troll leather armour "Pakkoihe" {rElec
                  | rC++ Will+ Regen+ Dex-2}
 55035 | Zot:1    | +0 acid dragon scales; +0 gold dragon scales {rare}
 55036 | Zot:1    | +0 acid dragon scales; +0 acid dragon scales; +0 gold
                  | dragon scales {rare}
 55302 | Zot:1    | Reached skill level 19 in Dodging
 55574 | Zot:1    | Noticed an orb of fire
 55606 | Zot:1    | Killed an orb of fire
 55738 | Zot:1    | Identified the +12 hand axe of Righteous Fury {flame,
                  | *Corrode rElec Will+}
 55739 | Zot:1    | You add the spells Starburst and Borgnjor's Revivification
                  | to your library.
 55739 | Zot:1    | Got a black book
 55784 | Zot:1    | Noticed an electric golem
 55798 | Zot:1    | Killed an electric golem
 55963 | Zot:1    | Received a gift from Okawaru
 56107 | Zot:1    | magus.rc [v1.9.6]
 56558 | Zot:2    | You pick up a book of Lightning and begin reading...
 56558 | Zot:2    | You add the spells Vhi's Electric Charge, Arcjolt and
                  | Plasma Beam to your library.
 57191 | Zot:3    | Reached skill level 20 in Shields
 57194 | Zot:3    | Identified +0 gold dragon scales
 57284 | Zot:3    | Reached skill level 20 in Dodging
 57291 | Zot:3    | Noticed an orb of fire
 57293 | Zot:3    | Gained mutation: You occasionally lose the ability to read
                  | scrolls when taking damage. [an orb of fire]
 57296 | Zot:3    | Gained mutation: You are very clumsy. (Dex -4) [an orb of
                  | fire]
 57302 | Zot:3    | Killed an orb of fire
 57307 | Zot:3    | Reached XP level 26. HP: 240/246 MP: 32/32
 57341 | Zot:3    | Lost mutation: You are very clumsy. (Dex -4) [potion of
                  | mutation]
 57341 | Zot:3    | Lost mutation: You are clumsy. (Dex -2) [potion of
                  | mutation]
 57341 | Zot:3    | Lost mutation: You are weak. (Str -2) [potion of mutation]
 57341 | Zot:3    | Gained mutation: Your muscles are strong. (Str +4, Int/Dex
                  | -1) [potion of mutation]
 57341 | Zot:3    | Gained mutation: You have a somewhat thin skeletal
                  | structure. (Dex +2, Stealth+) [potion of mutation]
 57344 | Zot:3    | Noticed an electric golem
 57353 | Zot:3    | Killed an electric golem
 57423 | Zot:3    | HP: 60/248 [constriction (6)]
 57423 | Zot:3    | HP: 27/248 [green draconian monk (33)]
 57424 | Zot:3    | HP: 13/248 [constriction (3)]
 57426 | Zot:3    | Received a gift from Okawaru
 57927 | Zot:3    | Reached skill level 21 in Shields
 58235 | Zot:4    | Noticed a curse toe
 58237 | Zot:4    | Killed a curse toe
 58365 | Zot:4    | Noticed an orb of fire
 58425 | Zot:4    | Noticed an electric golem
 58440 | Zot:4    | Killed an electric golem
 58837 | Zot:4    | Noticed an orb of fire
 58852 | Zot:4    | Gained mutation: You are vulnerable to heat. (rF-) [an orb
                  | of fire]
 58854 | Zot:4    | Gained mutation: You occasionally lose the ability to drink
                  | potions when taking damage. [an orb of fire]
 58855 | Zot:4    | Killed an orb of fire
 58868 | Zot:4    | Lost mutation: You have a somewhat thin skeletal structure.
                  | (Dex +2, Stealth+) [potion of mutation]
 58868 | Zot:4    | Lost mutation: You occasionally lose the ability to drink
                  | potions when taking damage. [potion of mutation]
 58868 | Zot:4    | Lost mutation: You occasionally lose the ability to read
                  | scrolls when taking damage. [potion of mutation]
 58868 | Zot:4    | Gained mutation: You have large cloven feet. [potion of
                  | mutation]
 58868 | Zot:4    | Gained mutation: You have hidden genetic potential. [potion
                  | of mutation]
 58869 | Zot:4    | Lost mutation: You are vulnerable to heat. (rF-) [potion of
                  | mutation]
 58869 | Zot:4    | Lost mutation: Your mind is acute. (Int +4, Str/Dex -1)
                  | [potion of mutation]
 58869 | Zot:4    | Gained mutation: You have great hidden genetic potential.
                  | [potion of mutation]
 58869 | Zot:4    | Gained mutation: You are agile. (Dex +4, Str/Int -1)
                  | [potion of mutation]
 59016 | Zot:4    | You pick up a book of Decay and begin reading...
 59120 | Zot:4    | Reached skill level 22 in Shields
 59309 | Zot:4    | Gained mutation: Your spells are a little easier to cast,
                  | but a little less powerful. [an orb of fire]
 59315 | Zot:4    | Gained mutation: You are frail. (-10% HP) [an orb of fire]
 59319 | Zot:4    | Killed an orb of fire
 59321 | Zot:4    | Identified +0 gold dragon scales
 59323 | Zot:4    | +0 gold dragon scales {rare}; a golden dragon corpse
 59470 | Zot:4    | Identified +0 gold dragon scales
 59478 | Zot:5    | Entered Level 5 of the Realm of Zot
 59518 | Zot:5    | Noticed a curse toe
 59531 | Zot:5    | Killed a curse toe
 59818 | Zot:5    | You pick up a book of Power and begin reading...
 59995 | Zot:5    | Noticed an orb of fire
 60134 | Zot:5    | Noticed a curse toe
 60140 | Zot:5    | Killed a curse toe
 60312 | Zot:5    | Noticed a curse toe
 60329 | Zot:5    | Killed a curse toe
 60672 | Zot:5    | Noticed a dread lich
 60679 | Zot:5    | Killed a dread lich
 60681 | Zot:5    | Noticed an ancient lich
 60688 | Zot:5    | Killed an ancient lich
 60960 | Zot:5    | Noticed an orb of fire
 60966 | Zot:5    | Noticed an orb of fire
 60967 | Zot:5    | Killed an orb of fire
 60969 | Zot:5    | Noticed an electric golem
 60972 | Zot:5    | Noticed a dread lich
 60978 | Zot:5    | Killed an orb of fire
 60978 | Zot:5    | Killed an electric golem
 60979 | Zot:5    | Reached skill level 21 in Dodging
 60987 | Zot:5    | Killed a dread lich
 61140 | Zot:5    | Received a gift from Okawaru
 61205 | Zot:5    | Reached XP level 27. HP: 228/228 MP: 32/32
 61212 | Zot:5    | Got the Orb of Zot
 61235 | Zot:5    | Noticed a seraph
 61254 | Zot:5    | Noticed an orb of fire
 61261 | Zot:5    | Gained mutation: Your body sometimes deteriorates upon
                  | taking damage. [an orb of fire]
 61265 | Zot:5    | Noticed Ysyrr the pandemonium lord
 61270 | Zot:5    | Killed Ysyrr the pandemonium lord
 61272 | Zot:5    | Reached skill level 22 in Dodging
 61272 | Zot:5    | Gained mutation: You are occasionally teleported next to
                  | monsters. [an orb of fire]
 61273 | Zot:5    | Noticed an ancient lich
 61276 | Zot:5    | Killed an orb of fire
 61286 | Zot:5    | Killed an ancient lich
 61351 | Zot:3    | Noticed Joifam the pandemonium lord
 61369 | Zot:3    | Killed Joifam the pandemonium lord
 61619 | D:8      | Noticed Pituow the pandemonium lord
 61632 | D:8      | Killed Pituow the pandemonium lord
 61753 | D:2      | Reached skill level 19 in Axes
 61757 | D:2      | Noticed Siqeasm the pandemonium lord
 61759 | D:2      | HP: 56/230 [Siqeasm the pandemonium lord/great blast of
                  | fire (70)]
 61760 | D:2      | Killed from afar by Siqeasm the pandemonium lord

Vanquished Creatures
  the Royal Jelly (Slime:5)
  2 dread liches (Zot:5)
  Tiamat (Zot:1)
  2 ancient liches (Zot:5)
  7 orbs of fire
  Mara (Vaults:5)
  A juggernaut (Depths:4)
  Parghit (Depths:4)
  Boris (Vaults:5)
  Saint Roka (Vaults:1)
  Margery (Vaults:4)
  3 Killer Klowns (Zot:5)
  4 curse toes
  Xtahua (Vaults:5)
  the Enchantress (Depths:1)
  Nikola (Elf:3)
  18 golden dragons
  3 bone dragons
  Jory (Vaults:4)
  4 electric golems
  An iron giant (Zot:5)
  Jorgrun (Shoals:1)
  2 liches (Vaults:5)
  A Hell Sentinel (Abyss:2)
  Rupert (Lair:5)
  14 tentacled monstrosities
  2 walking crystal tomes
  Asterion (Depths:1)
  26 Orb Guardians
  8 quicksilver dragons
  8 titans
  12 acid blobs
  6 sphinxes
  A deep elf blademaster (Elf:3)
  A kraken (Shoals:3)
  Polyphemus (Shoals:2)
  A walking frostbound tome (Depths:2)
  2 Executioners (Zot:5)
  2 deep elf master archers (Elf:3)
  2 tentacled starspawn
  Kirke (Shoals:2)
  4 death cobs
  Frances (Shoals:1)
  4 tengu reavers
  3 pandemonium lords
  Donald (Spider:2)
  15 storm dragons
  8 shadow dragons
  Ilsuiw (Shoals:2)
  Aizul (Spider:2)
  6 azure jellies
  9 draconian monks
  5 frost giants
  7 draconian knights
  3 rockslimes
  8 fire giants
  2 balrugs (Depths:1)
  4 emperor scorpions (Spider:4)
  10 deep elf sorcerers
  15 vault wardens
  Louise (Depths:1)
  6 deep elf elementalists
  7 draconian scorchers
  A cacodemon (Depths:2)
  An iron dragon (Vaults:5)
  7 ghost moths
  2 draconian shifters
  6 draconian annihilators
  2 reapers
  6 draconian stormcallers
  The ghost of JaaP the Thaumaturge, a journeyman GnFE of Hepliaklqana (D:13)
  4 war gargoyles
  4 orc warlords
  5 spriggan defenders
  3 broodmothers
  18 stone giants
  2 ironbound thunderhulks
  21 ironbound preservers
  A formless jellyfish (Vaults:4)
  4 quicksilver oozes (Slime:5)
  Nessos (Lair:5)
  9 green draconians
  20 very ugly things
  4 demonspawn black suns (Zot:1)
  A vampire knight (Depths:3)
  9 deep elf demonologists
  16 white draconians
  6 spark wasps
  14 black draconians
  10 yellow draconians
  A dire elephant (Vaults:1)
  7 deep elf annihilators
  12 red draconians
  A minotaur (shapeshifter) (Vaults:5)
  An eidolon (Abyss:2)
  5 crystal guardians
  14 purple draconians
  Josephine (D:13)
  4 entropy weavers
  8 merfolk javelineers
  7 merfolk impalers
  9 ettins
  A fire dragon (shapeshifter) (Depths:3)
  6 deep elf death magi (Elf:3)
  8 deep elf high priests
  10 fire dragons
  11 hydras
  41 vault guards
  11 ice dragons
  8 great orbs of eyes
  2 peacekeepers (Vaults:2)
  15 yaktaur captains
  5 rakshasas
  A hell beast (D:6)
  A catoblepas (Shoals:2)
  6 ironbound frosthearts
  2 ogre magi (Vaults:5)
  3 merfolk aquamancers
  3 jorogumos (Spider:4)
  2 merfolk avatars
  2 radroaches (Spider:2)
  4 spriggan air magi
  4 tengu warriors
  3 alligator snapping turtles
  9 centaur warriors
  19 dancing weapons
  8 boulder beetles
  A satyr (Shoals:4)
  A hell hog (Volcano)
  5 demonic crawlers
  5 two-headed ogres
  9 death yaks
  13 deep troll earth magi
  10 deep troll shamans
  6 orc high priests
  13 deep elf knights
  10 hell knights
  The ghost of Flippered the Skirmisher, a journeyman SpHu of Elyvilon (D:11)
  8 spriggan berserkers
  A shadow wraith (Vaults:5)
  3 sun demons
  2 wretched stars (Abyss:2)
  3 thrashing horrors
  A soul eater (Depths:1)
  5 skysharks
  3 sixfirhies
  6 skeletal warriors
  A fire crab (Volcano)
  4 sun moths
  14 iron trolls
  Lodul (D:10)
  10 sea snakes
  5 pharaoh ants
  A shadow demon (Zot:3)
  A flayed ghost (Depths:3)
  A glowing orange brain (shapeshifter) (Depths:2)
  2 glowing orange brains
  11 orb spiders
  61 deep trolls
  4 wizards
  Pikel (D:8)
  15 ironbound convokers
  4 necromancers
  27 harpies
  4 deep elf archers
  An orange crystal statue (Depths:1)
  A lindwurm (shapeshifter) (Vaults:5)
  4 steelbarb worms
  12 orc knights
  21 deep elf pyromancers
  18 lindwurms
  29 deep elf zephyrmancers
  4 large abominations
  34 ugly things
  A faun (Shoals:3)
  7 phantasmal warriors
  15 cyclopes
  An oklob plant (Lair:3)
  A mana viper (shapeshifter) (Vaults:5)
  8 shining eyes
  An orc sorcerer (Elf:1)
  35 wolf spiders
  10 manticores
  A will-o-the-wisp (Abyss:2)
  A worldbinder (Abyss:2)
  A shining eye (shapeshifter) (Vaults:4)
  16 elephants
  24 moths of wrath
  7 black mambas (Lair:5)
  11 merfolk sirens
  A guardian serpent (Lair:5)
  17 vault sentinels
  An eye of devastation (Slime:5)
  5 torpor snails
  A naga mage (D:15)
  2 gargoyles
  16 cane toads
  2 orange demons
  3 kobold demonologists
  2 smoke demons
  An unseen horror (shapeshifter) (Vaults:5)
  A hellion (D:2)
  3 water nymphs
  An unseen horror (D:13)
  31 yaktaurs
  An ancient zyme (Abyss:2)
  6 freezing wraiths
  11 komodo dragons
  2 ice devils
  4 polar bears
  3 tengu conjurers (Depths:2)
  3 red devils
  7 trolls
  28 merfolk
  A queen bee (shapeshifter) (D:15)
  3 hellwings
  6 meliai
  A queen bee (D:13)
  14 tarantellas
  9 snapping turtles
  A tarantella (shapeshifter) (Vaults:5)
  7 hornets
  8 blink frogs
  Grinder (D:4)
  7 wind drakes
  A slime creature (shapeshifter) (D:15)
  A centaur simulacrum (D:15)
  A jumping spider (shapeshifter) (Vaults:5)
  24 culicivoras
  A shadow (D:12)
  84 slime creatures
  22 jumping spiders
  A flying skull (Vaults:3)
  4 spriggans
  14 water elementals
  2 air elementals
  13 wyverns
  55 yaks
  2 vampires
  4 ynoxinuls
  8 wraiths
  2 fire bats (Abyss:2)
  7 fire elementals
  6 golden eyes
  7 hogs (Shoals:2)
  10 vampire mosquitoes
  4 steam dragons
  2 neqoxecs
  59 redbacks
  5 basilisks
  2 chaos spawn (Abyss:2)
  12 wargs
  6 acid dragons
  21 water moccasins
  A floating eye (Depths:2)
  44 orc warriors
  A hell hound (Volcano)
  2 black bears
  15 wolves
  5 boggarts (Vaults:1)
  13 ogres
  2 lemures (D:7)
  A phantom (D:4)
  10 centaurs
  3 kobold brigands
  12 bullfrogs
  A gnoll sergeant (D:7)
  5 earth elementals
  6 scorpions (D:5)
  7 small abominations
  4 wights
  25 killer bees
  A howler monkey (D:10)
  3 electric eels
  2 quasits
  2 hounds
  A jelly (D:7)
  19 orc priests
  A gnoll bouda (D:5)
  4 sleepcaps
  2 iron imps
  Jessica (D:2)
  4 iguanas
  27 orc wizards
  13 gnolls
  5 adders
  A shadow imp (D:5)
  A white imp (D:6)
  4 dart slugs
  105 orcs
  7 bats
  5 endoplasms
  5 giant cockroaches
  10 goblins
  8 hobgoblins
  2 jackals (D:4)
  2 quokkas
  8 ball pythons
  6 frilled lizards
  14 kobolds
  11 rats
  A fire vortex (D:2)
  A spectral weapon (Depths:1)
  5 starspawn tentacles
  3 tentacles (Shoals:3)
2271 creatures vanquished.

Vanquished Creatures (others)
  Arachne (Spider:4)
  A draconian knight (Zot:1)
  2 deep elf knights (Elf:3)
  A moth of wrath (Zot:3)
  A merfolk (Shoals:2)
  A boggart (Vaults:1)
  2 orcs (Orc:1)
  A tentacle (Shoals:3)
10 creatures vanquished.

Grand Total: 2281 creatures vanquished

Table legend:
 A = Non-vault XP
 B = Vault XP
 C = Vault XP percentage of total XP
 D = Non-vault monster count
 E = Vault monster count
 F = Vault count percentage of total count
                 A         B        C        D         E       F
            +---------+---------+-------+---------+---------+-------
      Total |  789048 |  610566 |  43.6 |    1470 |     765 |  34.2
            +---------+---------+-------+---------+---------+-------
        D:1 |      49 |       5 |   9.3 |      28 |       5 |  15.2
        D:2 |      29 |      37 |  56.1 |      11 |       1 |   8.3
        D:3 |      30 |      76 |  71.7 |      14 |       2 |  12.5
        D:4 |     295 |     262 |  47.0 |      17 |       1 |   5.6
        D:5 |     895 |     440 |  33.0 |      27 |      12 |  30.8
        D:6 |     625 |       0 |   0.0 |      13 |       0 |   0.0
        D:7 |    1133 |       0 |   0.0 |      29 |       0 |   0.0
        D:8 |     567 |     820 |  59.1 |       9 |       2 |  18.2
        D:9 |    2391 |     392 |  14.1 |      14 |       1 |   6.7
       D:10 |    2565 |    1769 |  40.8 |       9 |      24 |  72.7
       D:11 |    3141 |     783 |  20.0 |      21 |       1 |   4.5
       D:12 |    7578 |       0 |   0.0 |      31 |       0 |   0.0
       D:13 |    5340 |    4837 |  47.5 |      11 |      22 |  66.7
       D:14 |   12253 |    7820 |  39.0 |      25 |       9 |  26.5
       D:15 |    8975 |    2123 |  19.1 |      28 |       4 |  12.5
     Lair:1 |    4390 |    1553 |  26.1 |      22 |       6 |  21.4
     Lair:2 |   10329 |     362 |   3.4 |      30 |       2 |   6.2
     Lair:3 |    5361 |    1658 |  23.6 |      23 |       6 |  20.7
     Lair:4 |    5902 |    1818 |  23.5 |      18 |       8 |  30.8
     Lair:5 |   17637 |   14302 |  44.8 |      37 |      41 |  52.6
   Shoals:1 |    9918 |    3354 |  25.3 |      23 |       2 |   8.0
   Shoals:2 |    7495 |   13131 |  63.7 |      15 |      21 |  58.3
   Shoals:3 |   15112 |    6086 |  28.7 |      29 |       9 |  23.7
   Shoals:4 |   18123 |   17889 |  49.7 |      34 |      29 |  46.0
   Spider:1 |    5691 |       0 |   0.0 |      14 |       0 |   0.0
   Spider:2 |   26010 |    2750 |   9.6 |      70 |       2 |   2.8
   Spider:3 |    8698 |    4593 |  34.6 |      27 |       7 |  20.6
   Spider:4 |   15587 |   29430 |  65.4 |      36 |      50 |  58.1
    Slime:1 |    3188 |       0 |   0.0 |       3 |       0 |   0.0
    Slime:2 |    3007 |       0 |   0.0 |       7 |       0 |   0.0
    Slime:3 |    6283 |     693 |   9.9 |      17 |       3 |  15.0
    Slime:4 |    5082 |       0 |   0.0 |      19 |       0 |   0.0
    Slime:5 |    4673 |   26968 |  85.2 |       8 |      21 |  72.4
      Orc:1 |    3819 |       0 |   0.0 |      36 |       0 |   0.0
      Orc:2 |    3863 |    7027 |  64.5 |      39 |      65 |  62.5
      Elf:1 |   19932 |   10679 |  34.9 |      33 |      15 |  31.2
      Elf:2 |   20066 |    4973 |  19.9 |      30 |       6 |  16.7
      Elf:3 |   14494 |   39372 |  73.1 |      27 |      35 |  56.5
   Vaults:1 |   28327 |   15797 |  35.8 |      46 |      31 |  40.3
   Vaults:2 |   20153 |   20232 |  50.1 |      36 |      30 |  45.5
   Vaults:3 |   21278 |   10169 |  32.3 |      36 |      12 |  25.0
   Vaults:4 |   40135 |   21815 |  35.2 |      51 |      24 |  32.0
   Vaults:5 |   25554 |  113716 |  81.7 |      43 |     100 |  69.9
   Depths:1 |   37544 |   20552 |  35.4 |      47 |      22 |  31.9
   Depths:2 |   30685 |   20240 |  39.7 |      40 |      25 |  38.5
   Depths:3 |   27620 |   17004 |  38.1 |      27 |      15 |  35.7
   Depths:4 |   29149 |   15610 |  34.9 |      35 |      13 |  27.1
      Zot:1 |   60428 |   54798 |  47.6 |      49 |      36 |  42.4
      Zot:2 |   17380 |       0 |   0.0 |      16 |       0 |   0.0
      Zot:3 |   56793 |       0 |   0.0 |      45 |       0 |   0.0
      Zot:4 |   54552 |    2041 |   3.6 |      40 |       2 |   4.8
      Zot:5 |   31742 |   90501 |  74.0 |      25 |      38 |  60.3
    Abyss:2 |   14736 |       0 |   0.0 |      29 |       0 |   0.0
    Abyss:3 |   12446 |       0 |   0.0 |      21 |       0 |   0.0
    Volcano |       0 |    2089 | 100.0 |       0 |       5 | 100.0
            +---------+---------+-------+---------+---------+-------

Skill      XL: |  1  2  3  4  5  6  7  8  9 10 11 12 13 14 15 16 17 18 19 20 21 22 23 24 25 26 27 |
---------------+----------------------------------------------------------------------------------+-----
Axes           | 3 4 5 6 7 9 11 12 13 14 16 18 19 | 19.0
Fighting       | 6 9 12 16 20 21 22 | 22.0
Shields        | 5 6 12 15 16 18 20 22 | 22.8
Shapeshifting  | 6 10 | 10.0
Invocations    | 7 8 10 12 | 12.0
Evocations     | 5 |  5.0
Dodging        | 8 10 11 13 15 16 18 20 21 22 | 22.0
Stealth        | 8 10 | 10.0
Transmutations | 5 7 |  7.0
Spellcasting   | 4 6 |  6.0
Throwing       | 12 15 | 15.0
Translocations | 6 12 | 12.0

Action                     |  1- 3 |  4- 6 |  7- 9 | 10-12 | 13-15 | 16-18 | 19-21 | 22-24 | 25-27 || total
---------------------------+-------+-------+-------+-------+-------+-------+-------+-------+-------++-------
  Melee: War axe           |    90 |   116 |   336 |   440 |       |       |       |       |       ||   982
         Tailslap          |     7 |    11 |    54 |    84 |   122 |   187 |   160 |   198 |   215 ||  1038
         Broad axe         |       |       |       |   111 |   768 |  1002 |   798 |  1024 |  1143 ||  4846
         Maw               |       |       |       |    15 |   234 |   388 |   263 |   339 |   306 ||  1545
  Throw: Javelin           |       |       |       |       |       |       |       |     9 |    14 ||    23
   Cast: Wereblood         |       |       |       |       |       |       |     7 |    13 |     9 ||    29
         Manifold Assault  |       |       |       |       |       |       |       |    98 |   168 ||   266
         Blink             |       |       |       |       |       |       |       |     5 |     2 ||     7
 Invoke: Heroism           |       |       |       |     2 |     4 |    11 |    10 |    15 |    14 ||    56
         Receive Weapon    |       |       |       |     1 |       |       |       |       |       ||     1
         Receive Armour    |       |       |       |     1 |       |       |       |       |       ||     1
         Finesse           |       |       |       |       |     1 |    11 |     5 |     9 |    11 ||    37
Ability: Breathe Frost     |       |       |    20 |    19 |     4 |     1 |       |       |       ||    44
  Evoke: Wand              |       |       |     1 |    14 |    17 |     2 |     6 |     1 |     1 ||    42
    Use: Scroll            |       |    10 |     5 |     7 |    11 |    10 |     1 |     1 |    15 ||    60
         Potion            |       |     1 |     1 |     3 |     2 |     6 |     2 |     3 |     9 ||    27
   Stab: Sleeping          |       |       |       |     2 |     4 |     4 |    32 |    12 |     7 ||    61
         Distracted        |       |       |       |       |     3 |     4 |     4 |       |     4 ||    15
         Invisible         |       |       |       |       |       |       |       |     1 |       ||     1
 Armour: Skin              |    40 |    55 |   233 |   433 |   510 |   535 |   247 |   320 |   315 ||  2688
  Dodge: Dodged            |    52 |    72 |   173 |   256 |   437 |   582 |   348 |   464 |   568 ||  2952
  Block: Buckler           |    25 |    21 |    92 |   190 |   414 |    44 |       |       |       ||   786
         Reflection        |       |       |       |       |    22 |    25 |    72 |    45 |    18 ||   182
         Kite shield       |       |       |       |       |       |   922 |   728 |   873 |    25 ||  2548
         Tower shield      |       |       |       |       |       |       |       |       |  1198 ||  1198
   Form: Maw               |       |       |       |     1 |       |       |       |       |       ||     1

Illustrated notes

Table legend:
 A = Kills in this place as a percentage of kills in the entire game.
 B = Kills by you in this place as a percentage of kills by you in the entire game.
 C = Kills by friends in this place as a percentage of kills by friends in the entire game.
 D = Other kills in this place as a percentage of other kills in the entire game.
 E = Experience gained in this place as a percentage of experience gained in the entire game.
 F = Experience gained in this place divided by the number of levels of this place that you have seen.
                   A       B       C       D       E      F
               +-------+-------+-------+-------+-------+----------------------
         Total | 100.0 | 100.0 |   N/A | 100.0 | 100.0 | 25349.4
       Dungeon |  16.8 |  16.8 |   N/A |   0.0 |   4.9 | 4634.2
          Lair |   8.6 |   8.6 |   N/A |   0.0 |   4.5 | 12662.4
        Shoals |   7.2 |   7.2 |   N/A |  20.0 |   6.4 | 22777.0
   Spider Nest |   9.1 |   9.1 |   N/A |  20.0 |   6.5 | 23189.8
    Slime Pits |   3.5 |   3.5 |   N/A |   0.0 |   3.5 | 9978.8
  Orcish Mines |   6.2 |   6.2 |   N/A |   0.0 |   1.0 | 7354.5
   Elven Halls |   6.5 |   6.4 |   N/A |  40.0 |   7.7 | 36505.3
        Vaults |  18.1 |  18.2 |   N/A |   0.0 |  22.3 | 63435.2
        Depths |   9.9 |  10.0 |   N/A |   0.0 |  14.0 | 49601.0
           Zot |  11.7 |  11.7 |   N/A |  20.0 |  27.0 | 76781.2
         Abyss |   2.2 |   2.2 |   N/A |   0.0 |   1.9 | 13591.0
       Volcano |   0.2 |   0.2 |   N/A |   0.0 |   0.1 | 2089.0
               +-------+-------+-------+-------+-------+----------------------

Table legend: (Time is in decaauts)
 A = Elapsed time spent in this place.
 B = Non-inter-level travel time spent in this place.
 C = Inter-level travel time spent in this place.
 D = Time resting spent in this place.
 E = Time spent auto-exploring this place.
 F = Levels seen in this place.
 G = Mean time per level.
                   A        B        C        D        E       F      G
               +--------+--------+--------+--------+--------+-----+--------+
         Total |  62080 |  56111 |   5969 |  10447 |  32748 |  56 | 1108.6 |
       Dungeon |  16106 |  13718 |   2388 |   2279 |   8710 |  15 | 1073.7 |
        Temple |     36 |      1 |     35 |      0 |      0 |   1 |   36.0 |
          Lair |   7884 |   6842 |   1042 |   1767 |   3568 |   5 | 1576.8 |
        Shoals |   4308 |   4129 |    179 |    485 |   2800 |   4 | 1077.0 |
   Spider Nest |   4964 |   4713 |    251 |    977 |   2945 |   4 | 1241.0 |
    Slime Pits |   2060 |   1937 |    123 |    678 |    639 |   5 |  412.0 |
  Orcish Mines |   1958 |   1696 |    262 |     93 |   1211 |   2 |  979.0 |
   Elven Halls |   3414 |   3192 |    222 |    326 |   1864 |   3 | 1138.0 |
        Vaults |   7417 |   6467 |    950 |    582 |   4099 |   5 | 1483.4 |
        Depths |   5835 |   5481 |    354 |    800 |   3535 |   4 | 1458.8 |
           Zot |   7283 |   7125 |    158 |   2362 |   3199 |   5 | 1456.6 |
         Abyss |    551 |    551 |      0 |      8 |    152 |   2 |  275.5 |
       Volcano |    258 |    258 |      0 |     89 |     25 |   1 |  258.0 |
               +--------+--------+--------+--------+--------+-----+--------+

Top non-repeatable levels by time:
Depths:3: 2071 daAuts
   Zot:1: 2060 daAuts
Vaults:1: 1990 daAuts
  Lair:5: 1983 daAuts
  Lair:2: 1788 daAuts
   Elf:3: 1667 daAuts
Spider:2: 1654 daAuts
Spider:4: 1615 daAuts
  Lair:1: 1612 daAuts
     D:7: 1565 daAuts
   Zot:5: 1557 daAuts
Vaults:3: 1516 daAuts
     D:5: 1515 daAuts
Depths:1: 1504 daAuts
    D:15: 1503 daAuts
